AoeStats
← dariotbuisness

Arabia

510531480Analyzed
1v1 RM · 15h ago on Oct 1, 2026· 59m 23s· 2 players
Game mode
Random Map
Map size
Tiny (2 player)
Population
200
Speed
Normal
Resources
Standard
Victory
Conquest
Starting age
Dark Age
Ending age
Imperial Age
RankedLock teamsTeams togetherTeam positionsShared explorationLock speedFull tech treeHidden civsTurbo modeCheats
Victory
Defeat
🇩🇪 Saxons · Germany
1268
+16
🇻🇳 Vietnamese · Vietnam
1277
-16
dariotbuisness
8:30 Loom
10:58 Feudal Age
18:30 Castle Age
17:20 Double-Bit Axe
17:24 Horse Collar
22:55 Wheelbarrow
23:19 Bow Saw
24:54 Fletching
25:50 Town Watch
27:05 Guard Tower
27:35 Ballistics
28:59 Bodkin Arrow
32:31 Murder Holes
32:46 Masonry
36:05 Imperial Age
34:10 Masonry
33:46 Treadmill Crane
34:12 Pikeman
34:56 Squires
34:41 Gambesons
34:59 Scale Mail Armor
35:09 Forging
34:37 Clerical Recruitment
35:33 Pikeman
36:56 Chain Mail Armor
38:53 Bracer
39:54 Chemistry
39:29 Arson
39:36 Halberdier
41:24 Plate Mail Armor
41:30 Iron Casting
40:53 Elite Hearth Troop
41:53 Conscription
40:56 Shield Wall
41:59 Padded Archer Armor
43:42 Gold Mining
43:43 Stone Mining
43:34 Elite Skirmisher
45:43 Leather Archer Armor
46:04 Architecture
46:10 Keep
45:20 Arrowslits
45:11 Halberdier
48:44 Thumb Ring
52:31 Two-Man Saw
52:11 Gold Shaft Mining
51:44 Siege Engineers
52:24 Hoardings
51:53 Town Patrol
52:08 Hand Cart
54:00 Elite Varangian Guard
55:19 Man-at-Arms
56:02 Long Swordsman
57:02 Two-Handed Swordsman
57:56 Champion
MovableStatue95
7:09 Loom
9:28 Feudal Age
9:37 Man-at-Arms
13:19 Double-Bit Axe
15:23 Fletching
15:24 Horse Collar
17:38 Wheelbarrow
21:11 Castle Age
19:48 Scale Barding Armor
20:00 Gold Mining
20:43 Bloodlines
20:50 Forging
22:09 Bow Saw
22:36 Husbandry
23:04 Chain Barding Armor
26:34 Iron Casting
30:03 Heavy Plow
30:20 Hand Cart
30:26 Town Watch
33:16 Town Patrol
36:21 Imperial Age
35:38 Bodkin Arrow
35:44 Padded Archer Armor
36:08 Ballistics
35:45 Murder Holes
35:55 Crossbowman
36:40 Thumb Ring
37:24 Bracer
37:31 Arbalester
39:04 Leather Archer Armor
41:43 Chemistry
40:49 Siege Engineers
41:50 Ring Archer Armor
41:35 Elite Skirmisher
43:23 Plate Barding Armor
42:57 Light Cavalry
49:35 Scale Mail Armor
49:29 Long Swordsman
50:10 Squires
49:55 Arson
50:03 Two-Handed Swordsman
50:56 Champion
54:07 Chain Mail Armor
55:54 Plate Mail Armor
Connection lost

Rejoining the realm…

Still unreachable

The connection could not be restored.

Session expired

The server has moved on; the page needs a fresh start.